 Dungeon Crawl Stone Soup version 0.18.1-8-gdd0e5ea (webtiles) character file.

368 Metae the Stinger (level 6, -8/50 HPs)
             Began as a Draconian Venom Mage on June 7, 2016.
             Was a Believer of Vehumet.
             Killed from afar by Dowan (16 damage)
             ... with a shard of ice
             ... on level 4 of the Dungeon.
             The game lasted 00:44:12 (5503 turns).

Metae the Stinger (Draconian Venom Mage)            Turns: 5503, Time: 00:44:36

Health: -8/50      AC:  6    Str: 10    XL:     6   Next: 41%
Magic:  6/11       EV: 12    Int: 18    God:    Vehumet [**....]
Gold:   86         SH:  0    Dex: 11    Spells: 4 memorised, 1 level left

rFire  + . .     SeeInvis .     e - +0 dagger
rCold  . . .     Gourm    .     (armour unavailable)
rNeg   . . .     Faith    +     (no shield)
rPois  .         Spirit   .     (helmet restricted)
rElec  .         Dismiss  .     (no cloak)
rCorr  .         Reflect  .     (no gloves)
SustAt .         Harm     .     (no boots)
MR     .....                    h - amulet of faith
Stlth  ++........               (no ring)
                                o - ring of protection from fire

@: drained, not resistant to hostile enchantments, unstealthy
A: unfitting armour, cold-blooded, AC +6
a: Renounce Religion


You were on level 4 of the Dungeon.
You worshipped Vehumet.
Vehumet was pleased with you.
You were not hungry.

You visited 1 branch of the dungeon, and saw 4 of its levels.
You also visited: Sewer.

You collected 86 gold pieces.

Inventory:

Hand Weapons
 e - a +0 dagger (weapon)
 m - a +1 spear of piercing
 t - the +1 falchion "Koaxkiag" {flame, rN+ MR+ Str+4 Dex-2, unknown}
   (You found it on level 4 of the Dungeon)

   It has been specially enchanted to burn those struck by it, causing extra
   injury to most foes and up to half again as much damage against particularly
   susceptible opponents.
   Big, fiery blades are also staple armaments of hydra-hunters.
   It affects your strength (+4).
   It affects your dexterity (-2).
   It protects you from negative energy.
   It affects your resistance to hostile enchantments.
Armour
 j - a +0 helmet
Jewellery
 h - an amulet of faith (around neck)
 o - a ring of protection from fire (left hand)
Wands
 v - a wand of paralysis (10/24)
Scrolls
 c - 2 scrolls of fear {unknown}
 g - a scroll of enchant weapon {unknown}
 i - a scroll of identify
 n - 2 scrolls of immolation {unknown}
 p - 3 scrolls of teleportation {unknown}
 q - a scroll of fog {unknown}
 x - a scroll of remove curse {unknown}
Potions
 d - a potion of lignification {unknown}
 f - 2 potions of resistance {unknown}
 k - a potion of degeneration {unknown}
 l - a potion of magic {unknown}
 r - 3 potions of flight {unknown}
 s - 2 potions of invisibility {unknown}
 w - a potion of cancellation {unknown}
Books
 a - a Young Poisoner's Handbook

   Spells                             Type                      Level
   a - Sting                          Conjuration/Poison           1
   b - Cure Poison                    Poison                       2
   c - Mephitic Cloud                 Conjuration/Poison/Air       3
   d - Olgreb's Toxic Radiance        Poison                       4
   e - Venom Bolt                     Conjuration/Poison           5
Comestibles
 b - a bread ration


   Skills:
 + Level 2.4(1.7) Fighting
 + Level 1.0(0.3) Polearms
 * Level 3.3(2.6) Dodging
 + Level 2.8(2.1) Stealth
 * Level 3.3(2.6) Spellcasting
 + Level 2.0(1.3) Conjurations
 + Level 4.4(3.7) Poison Magic
 + Level 0.4(0.0) Evocations


You had one spell level left.
You knew the following spells:

 Your Spells              Type           Power        Failure   Level  Hunger
a - Sting                 Conj/Pois      ##..         8%          1    #......
b - Cure Poison           Pois           ###.......   8%          2    ##.....
c - Mephitic Cloud        Conj/Pois/Air  #.......     30%         3    ###....
d - Olgreb's Toxic Radia  Pois           ###.....     41%         4    #####..


Dungeon Overview and Level Annotations

Branches:
Dungeon (4/15)
 Temple: D:4-7

Altars:
Elyvilon
Fedhas
Vehumet

Shops:
D:4 *

Annotations:
D:4 Dowan


Innate Abilities, Weirdness & Mutations

Your plain brown scales are hard (AC +6).
Your body does not fit into most forms of armour.
You are cold-blooded and may be slowed by cold attacks.


Message History

Confirm with . or Enter, or press ? or * to list all spells.
Aiming: Sting
Press: ? - help, Shift-Dir - straight line, f/p - Dowan
Aim: Dowan, wielding a dagger of draining and wearing a robe (heavily wounded, fast, poisoned)
The sting hits Dowan.
Dowan looks even sicker.
Dowan is heavily wounded.
Dowan closely misses you.
Casting: Sting
Confirm with . or Enter, or press ? or * to list all spells.
Aiming: Sting
Press: ? - help, Shift-Dir - straight line, f/p - Dowan
Aim: Dowan, wielding a dagger of draining and wearing a robe (heavily wounded, fast, poisoned)
The sting misses Dowan.
Dowan points at you and mumbles some strange words.
The shard of ice hits you!
Ouch! That really hurt!
* * * LOW HITPOINT WARNING * * *
Dowan casts a spell at you. The shard of ice hits you!
You die...

.#.P.....#.# .#..∩P.....#
....P...#.#####
#.......#.#...#
#.##.####.....# #.##.#
###..># #.##.# ##.##
#.##.#######.######
#.##.##.........@<#
#.##.##.####.####e#
#.##..#.## #.####.#####.##
#.###....###.....#.....(..
#......#......###.#####...
...##....##...###.# # #..#
................).# #.
#..#
...##.#.###...###.####
.##..#
##............###.....
.....


You could see Dowan.

Vanquished Creatures
  Duvessa (D:4)
  2 worker ants
  4 gnolls
  6 adders
  2 oozes (D:3)
  A worm (D:3)
  2 dart slugs
  12 giant geckos
  4 orcs (D:3)
  A ball python (Sewer)
  8 bats
  8 giant cockroaches
  5 hobgoblins
  8 jackals
  A quokka (D:3)
  7 giant newts
  8 goblins
  8 kobolds
  8 rats
96 creatures vanquished.

Notes
Turn   | Place    | Note
--------------------------------------------------------------
     0 | D:1      | Metae the Draconian Venom Mage began the quest for the Orb.
     0 | D:1      | Reached XP level 1. HP: 14/14 MP: 3/3
   343 | D:1      | Reached XP level 2. HP: 22/22 MP: 0/5
   555 | D:1      | Reached skill level 1 in Fighting
   563 | D:1      | Learned a level 2 spell: Cure Poison
  1214 | D:1      | Reached XP level 3. HP: 25/28 MP: 2/6
  1499 | D:2      | Learned a level 3 spell: Mephitic Cloud
  1777 | D:2      | Reached skill level 1 in Conjurations
  1789 | D:2      | Reached XP level 4. HP: 35/35 MP: 1/8
  2722 | D:3      | Found a radiant altar of Vehumet.
  2733 | D:3      | Became a worshipper of Vehumet
  2891 | D:3      | Reached XP level 5. HP: 30/41 MP: 2/9
  2978 | D:3      | Learned a level 4 spell: Olgreb's Toxic Radiance
  3031 | D:3      | Found a white marble altar of Elyvilon.
  3333 | D:3      | Found a glowing drain.
  3409 | Sewer    | Entered a sewer
  3418 | Sewer    | Reached * piety under Vehumet
  3418 | Sewer    | Offered knowledge of Freeze by Vehumet.
  4340 | D:3      | Found a blossoming altar of Fedhas.
  4808 | D:4      | Got a twisted falchion
  4944 | D:4      | Found Kumos's Assorted Antiques.
  5084 | D:4      | Noticed Dowan
  5086 | D:4      | Noticed Duvessa
  5133 | D:4      | Killed Duvessa
  5133 | D:4      | Reached skill level 1 in Polearms
  5133 | D:4      | Reached XP level 6. HP: 12/50 MP: 6/10
  5284 | D:3      | Reached ** piety under Vehumet
  5377 | D:3      | Offered knowledge of Shock by Vehumet.
  5503 | D:4      | Killed from afar by Dowan

Skill      XL: |  1  2  3  4  5 |
---------------+----------------+-----
Fighting       | 1 2 |  2.4
Dodging        | 2 3 |  3.3
Conjurations   | 1 2 |  2.0
Stealth        | 2 |  2.8
Spellcasting   | 3 |  3.3
Polearms       | 1 |  1.0
Poison Magic   | |  4.4
Evocations     | |  0.4

Action                   |  1- 3 |  4- 6 || total
-------------------------+-------+-------++-------
Melee: Unarmed           |     9 |       ||     9
       Dagger            |    28 |   101 ||   129
       Tailslap          |     4 |    10 ||    14
 Cast: Sting             |    68 |   130 ||   198
       Mephitic Cloud    |       |     1 ||     1
  Use: Scroll            |       |     1 ||     1
  Eat: Chunk             |     4 |     8 ||    12
       Bread ration      |       |     1 ||     1
Armor: Skin              |    31 |    60 ||    91
Dodge: Dodged            |    37 |   110 ||   147
